[Event "GrandPrix_29.05"]
[Site "Chess.com"]
[Date "2020.05.29"]
[Round "7"]
[White "Meri-Arabidze"]
[Black "weplaychess09"]
[Result "0-1"]
[WhiteElo "1908"]
[BlackElo "2068"]
[TimeControl "600+2"]
[EndTime "12:34:20 PDT"]
[Termination "weplaychess09 won by resignation"]

1. d4 Nf6 2. c4 e6 3. Nf3 d5 4.
Nc3 Be7 5. Bf4 O-O 6. a3 b6 7. cxd5 Nxd5 8. Nxd5 Qxd5 9. Rc1 Bb7 10. e3 c5 11. Bc4 Qh5 12. Be2 Qg6 13. O-O Nd7 14.
Bg3 Rfd8 15. Qa4 cxd4 16. exd4 Qe4 17. Rfe1 Rac8 18. Rxc8 Bxc8 19. Ba6 Qd5 20. Bc4 Qa8 21. Bc7 Rf8 22. d5 Nc5 23. Qd1 Bf6 24. b4 exd5 25. Bxd5 Bb7 26. Bxb7 Nxb7 27. Be5 Rd8 28. Qa1 Bxe5 29.
Qxe5 Nd6 30. Qh5 h6 31. h4 Qb7 32. Qg4 Qa6 33. Re3 Nc4 34. Re7 Nd6 35. Re3 Nc4 36. Re7 b5 37. Qf4 Rf8 38. Nd4 Qxa3 39. Nc6 a6 40. Ra7 Qa1+ 41. Kh2 Qb1 42. Rxa6 Kh8 43. Ne7 f6 44. h5 Ne5 45. Re6 Rd8 46. Nf5 Nf7 47. Ne7 Ng5 48. Ng6+ Kh7 49. Re7 Qb2 50. Qc7 Rg8 51. Qb6 f5 52. Qc7 Qxb4 53. Rd7 Qg4 54. Ne7 Qxh5+ 55. Kg1 Rf8 56. Nxf5 Rxf5 57. Rxg7+ Kh8 58.
Rd7 Rf7 59. Qe5+ Kh7 60. Rxf7+ Qxf7 61. Qxb5 Ne6 62. Qd5 Kg7 63. Qe5+ Qf6 64. Qd5 Nf4 65. Qb7+ Kg6 66. g3 Nh3+ 67. Kg2 Nxf2 68. Qb2 Qxb2 0-1

[Event "GrandPrix_29.05"]
[Site "Chess.com"]
[Date "2020.05.29"]
[Round "7"]
[White "KruHor"]
[Black "Dyadya81"]
[Result "1-0"]
[WhiteElo "2444"]
[BlackElo "2196"]
[TimeControl "600+2"]
[EndTime "12:34:22 PDT"]
[Termination "KruHor won by resignation"]

1. d4 Nf6 2. Nf3 g6 3. c4 Bg7 4.
Nc3 d6 5. e4 O-O 6. Be2 Nbd7 7.
Be3 e5 8. d5 Ng4 9. Bg5 f6 10.
Bd2 Nh6 11. h4 f5 12. h5 f4 13. hxg6 hxg6 14. g3 g5 15. Qc2 Ng4 16. Rh5 Ndf6 17. Rxg5 Nh7 18. Rh5 c6 19. gxf4 Qb6 20. O-O-O Qxf2 21.
Rf1 Qb6 22. Nd1 Nhf6 23. Rh4 cxd5 24. exd5 exf4 25. Bxf4 Ne4 26. Ng5 Nxg5 27. Bxg5 Rxf1 28. Bxf1 Qg1 29. Bd3 Nf6 30. Be3 Qg3 31. Rh1 Ng4 32.
Bh7+ Kf8 33. Rf1+ Nf6 34. Bf4 Qg4 35. Bxd6+ Kf7 36. Ne3 Qh5 37. Bd3 Bh6 38. Bf4 Bh3 39. Rf2 Qh4 40. Bxh6 Qxh6 41. Qd2 Re8 42. Nd1 Qh4 43.
Qf4 Qxf4+ 44. Rxf4 Kg7 45. Kd2 Nd7 46. Ne3 Ne5 47. Bf5 Rh8 48. c5 Rh6 49. Kc3 Nf7 50.
Bxh3 Rxh3 51. Kd4 Kg6 52. d6 Nd8 53. Re4 Nc6+ 54. Kc4 Rh2 55. b4 a6 56. a4 Rb2 57.
Kc3 Rb1 58. Nc2 Kf5 59. Re8 Rd1 60. b5 axb5 61. axb5 Na7 62. Nd4+ Kf6 63. d7 Nxb5+ 64. Nxb5 Rxd7 65. Kc4 Kf7 66. Rb8 Ke7 67. Nd6 Rc7 68.
Rxb7 Kd7 69. Rxc7+ Kd8 70. Nb5 1-0

[Event "GrandPrix_29.05"]
[Site "Chess.com"]
[Date "2020.05.29"]
[Round "7"]
[White "Karateloru"]
[Black "Borisss85"]
[Result "0-1"]
[WhiteElo "2189"]
[BlackElo "2227"]
[TimeControl "600+2"]
[EndTime "12:34:23 PDT"]
[Termination "Borisss85 won by resignation"]

1. e4 c5 2. Nf3 e6 3. d4 cxd4 4. Nxd4 a6 5. Bd3 Nf6 6. O-O d6 7. Nd2 g6 8. f4 Bg7 9. N2f3 O-O 10. Kh1 b6 11. c4 Bb7 12. Qe2 e5 13. Nb3 exf4 14.
Bxf4 Re8 15. Nbd2 Nbd7 16. Bxd6 Nc5 17. e5 Ng4 18. Bxc5 bxc5 19. Be4 Bxe4 20. Nxe4 Nxe5 21.
Rad1 Qe7 22. Nd6 Rf8 23. Rd5 Nc6 24. Qxe7 Nxe7 25. Rd2 Nc6 26. Ne4 Bd4 27. Nxd4 cxd4 28. Ng5 Rae8 29. Kg1 Re3 30. Rf6 Ne5 31. Rxd4 Re1+ 32.
Rf1 Re2 33. Re4 Rxe4 34. Nxe4 Nxc4 35. b3 Ne5 36. Rf6 Ra8 37. Rb6 a5 38. Rb5 Nc6 39.
Nc5 Rd8 40. Rb6 Nb4 41. a3 Nc2 42. a4 Rd2 43. Ne4 Re2 44. Nc3 Re3 45. Nd5 Rd3 46. Rb5 Kg7 47. Kf2 Nd4 48. Rxa5 Nxb3 49. Rb5 Nd4 50.
Rb7 Nf5 51. Nc7 Ra3 52. Ra7 Ra2+ 53. Kf3 Nh4+ 54. Kg3 Nf5+ 55. Kf4 Rxg2 56. a5 Rxh2 57. a6 Ra2 58. Rb7 Nd6 59. Rb6 Nc8 60. Rb8 Ne7 61. Rb7 Nc6 62. Ke4 h5 63. Kd5 Nd8 64.
Rb8 Ne6 65. Ne8+ Kh6 66. Rb6 h4 67. Ke5 h3 68. Rb3 Ra5+ 69. Kf6 Ng5 70. Rb4 Rxa6+ 71. Ke7 Re6+ 72. Kf8 Re4 73. Rb5 h2 74. Nf6 h1=Q 75.
Ng8+ Kh5 76. Nf6+ Kh4 0-1

[Event "GrandPrix_29.05"]
[Site "Chess.com"]
[Date "2020.05.29"]
[Round "7"]
[White "Jaka_Brilej"]
[Black "chess_big_master"]
[Result "1/2-1/2"]
[WhiteElo "2132"]
[BlackElo "2015"]
[TimeControl "600+2"]
[EndTime "12:34:26 PDT"]
[Termination "Game drawn by stalemate"]

1. e4 d6 2. d4 Nf6 3. Nc3 e5 4.
Nf3 Nbd7 5. Bc4 Be7 6. O-O O-O 7. h3 c6 8. dxe5 dxe5 9. Be3 b5 10. Bd3 Qc7 11. a4 b4 12. Ne2 Nc5 13. Ng3 Rd8 14.
Bxc5 Bxc5 15. Qe2 h6 16. b3 Be6 17. Nh4 g6 18. Rad1 Nh7 19. Bc4 Ng5 20. Bxe6 Nxe6 21. Qg4 Nf4 22. Ne2 Nxe2+ 23. Qxe2 Qe7 24. Nf3 Bd4 25.
Nxd4 exd4 26. f4 c5 27. Rde1 Rd7 28. f5 Re8 29. e5 Qg5 30. Qc4 gxf5 31. Qxc5 d3 32.
cxd3 Rxd3 33. e6 fxe6 34. Qb5 Rdd8 35. Qxb4 Rd2 36. Rf2 Rxf2 37. Kxf2 f4 38. Qc4 Qg3+ 39. Kf1 f3 40. Qc2 fxg2+ 41. Qxg2 Qxg2+ 42. Kxg2 Kf7 43. Kf3 Kf6 44. Ke4 Rb8 45. Re3 Rb4+ 46. Kf3 Kf5 47. Rc3 e5 48. Ke3 h5 49. Kf3 Rf4+ 50. Ke3 Rh4 51.
Kf2 Ke6 52. Rc7 Rxh3 53. Rxa7 Rxb3 54. Rh7 Rh3 55. a5 Kf6 56. Kg2 Ra3 57. Rxh5 Rxa5 58. Rh3 Kf5 59. Rb3 Kf4 60. Kf2 Ra2+ 61. Ke1 Rh2 62.
Rc3 Ke4 63. Ra3 Kd4 64. Rg3 e4 65. Ra3 Rb2 66. Rh3 Rc2 67. Ra3 Rc3 68. Rxc3 Kxc3 69. Ke2 Kd4 70. Kd2 e3+ 71. Ke2 Ke4 72. Ke1 Kd3 73.
Kd1 e2+ 74. Ke1 Ke3 1/2-1/2

[Event "GrandPrix_29.05"]
[Site "Chess.com"]
[Date "2020.05.29"]
[Round "7"]
[White "AliKa2810"]
[Black "switlave"]
[Result "1/2-1/2"]
[WhiteElo "2134"]
[BlackElo "2057"]
[TimeControl "600+2"]
[EndTime "12:34:40 PDT"]
[Termination "Game drawn by repetition"]

1. d4 Nf6 2. c4 g6 3. Nc3 d5 4.
cxd5 Nxd5 5. e4 Nxc3 6. bxc3 Bg7 7.
Be3 c5 8. Nf3 Qa5 9. Qd2 cxd4 10. cxd4 Qxd2+ 11. Kxd2 O-O 12. Rc1 Rd8 13. Bd3 e6 14. Bg5 f6 15. Be3 Nc6 16. Ke2 f5 17. exf5 gxf5 18. Bc4 Bd7 19. Rhd1 Na5 20. Bd3 Ba4 21.
Rd2 Bc6 22. Ne5 Bd5 23. Rc7 Rac8 24. Rdc2 Nc6 25. Rxc8 Rxc8 26. f3 Kf8 27. g4 f4 28.
Nxc6 fxe3 29. Nb4 Rxc2+ 30. Bxc2 Bxd4 31. Bxh7 Kg7 32. Bd3 Kf6 33. h4 Ke5 34. Nc2 Bc5 35. Nxe3 Bxa2 36. h5 Kf4 37. Ng2+ Kg5 38. Kd2 a6 39. Be2 Bd6 40. Ke3 Bc5+ 41. Ke4 Bd5+ 42. Ke5 Kh6 43. Nf4 a5 44. Nxd5 exd5 45. Kf6 Be3 46. Ke5 a4 47. Kxd5 a3 48. Bc4 Kg5 49. Ke6 Bf4 50. Kf7 Kh6 51. Kf6 b5 52. Ba2 Bd2 53.
Kf5 b4 54. f4 Bc1 55. Bf7 Kg7 56. Bb3 Kh6 57. Ke5 Bb2+ 58. Ke6 Bc3 59. Kf7 Bd4 60. Ba2 Bc3 61. Bc4 Bb2 62. Ke6 Bc3 63. Ba2 Bb2 64. f5 Kg5 65. f6 Bxf6 66. h6 Bc3 67. h7 Kxg4 68. Kd5 Kf3 69. Kc4 Ke2 70. Kb3 Kd2 71. Bb1 Kc1 72. Bf5 Kd2 73. Be4 Kc1 74. Bf5 Bh8 75.
Bg6 Kd2 76. Bf5 Kc1 77. Bg6 Kd2 78. Bf5 Kc1 1/2-1/2

[Event "GrandPrix_29.05"]
[Site "Chess.com"]
[Date "2020.05.29"]
[Round "7"]
[White "moro182"]
[Black "SavelijTartakover"]
[Result "0-1"]
[WhiteElo "2544"]
[BlackElo "2544"]
[TimeControl "600+2"]
[EndTime "12:34:52 PDT"]
[Termination "SavelijTartakover won by resignation"]

1. d4 d5 2. Bf4 Nf6 3. e3 e6 4. Nf3 c5 5. Nbd2 Bd6 6. c3 O-O 7. Bg3 Qc7 8. Bd3 Nbd7 9. O-O b6 10.
Qe2 Bb7 11. Bxd6 Qxd6 12. e4 dxe4 13. Nxe4 Nxe4 14. Bxe4 Bxe4 15. Qxe4 Nf6 16. Qb7 Rfb8 17. Qa6 Rd8 18. Rad1 h6 19. Rfe1 Qc7 20. dxc5 Qxc5 21.
h3 Nd5 22. Rd4 b5 23. Ne5 Qb6 24. Qxb6 Nxb6 25. Red1 Rxd4 26. Rxd4 Rc8 27. Rd6 Rc7 28.
Rc6 Rb7 29. Kf1 Nc4 30. Nd3 Rd7 31. Ke2 Kh7 32. Rc5 a6 33. b3 Nd6 34. f3 Nf5 35. Ne5 Ra7 36. g4 Nd6 37. Rc6 Ne8 38. h4 g5 39. h5 Kg7 40. Ke3 Nf6 41. c4 bxc4 42.
bxc4 a5 43. Rb6 a4 44. Rb4 a3 45. Kd4 Ne8 46. Kc3 Kf6 47. Nc6 Rc7 48. Nd4 Nd6 49. Nb5 Rc6 50. Nxd6 Rxd6 51. c5 Rd1 52. Rc4 Ke7 53.
Kb4 Kd7 54. Kxa3 Rd3+ 55. Kb4 Rxf3 56. a4 Kc6 57. a5 Rf1 58. Rd4 Rb1+ 59. Kc4 Rc1+ 60.
Kb4 Rxc5 61. Rd8 Rb5+ 62. Ka4 Rb1 63. Rc8+ Kd5 64. a6 f5 65. gxf5 exf5 66. Rh8 g4 67.
Rxh6 f4 68. Rg6 f3 69. Rxg4 f2 70. Rf4 f1=Q 71. Rxf1 Rxf1 72. Ka5 Kc6 0-1

[Event "GrandPrix_29.05"]
[Site "Chess.com"]
[Date "2020.05.29"]
[Round "7"]
[White "0plaksin0"]
[Black "ly4o"]
[Result "1-0"]
[WhiteElo "2162"]
[BlackElo "2006"]
[TimeControl "600+2"]
[EndTime "12:34:57 PDT"]
[Termination "0plaksin0 won by resignation"]

1. a4 d5 2. b4 e5 3. b5 Bd6 4.
Bb2 Nf6 5. e3 O-O 6. d3 Bg4 7. Be2 Bf5 8. Nf3 Nbd7 9. O-O c6 10.
Nc3 h6 11. Ba3 Bxa3 12. Rxa3 Re8 13. d4 e4 14. Nd2 Qe7 15. Rb3 Rec8 16. bxc6 bxc6 17.
Rb7 Ne8 18. Bg4 Nd6 19. Rb2 Bxg4 20. Qxg4 f5 21. Qe2 Rab8 22. Rfb1 Rxb2 23. Rxb2 Rb8 24. Rxb8+ Nxb8 25. Qd1 Qb7 26. Qb1 Qxb1+ 27. Ncxb1 Nd7 28. Na3 Kf7 29. c4 Ke6 30. c5 Nb7 31. Nb3 g5 32.
Nc2 a5 33. g3 Kf6 34. Na3 Nf8 35. Kf1 Ne6 36. Ke2 f4 37. Nb1 Kf5 38. h3 f3+ 39. Kd2 Nc7 40. Na3 Na6 41. Nc2 Nb8 42. Nc1 h5 43. Na2 Nd7 44. Ke1 Nf6 45. Nc3 Ke6 46.
Na1 Kd7 47. Nb3 Kc7 48. Nd2 Kb8 49. Nf1 Nd8 50. Kd2 Ne6 51. Nh2 Nc7 52. Kc2 Na6 53.
Na2 Kb7 54. Kb3 Nc7 55. Nc3 Ne6 56. Nd1 Ng7 57. Kc3 Nf5 58. Kb3 Ng7 59. Kc3 Ne6 60. Kd2 Ka6 61. Nc3 Ka7 62. Na2 Nd7 63. Nc3 Ka6 64.
Nf1 Nc7 65. Nh2 Ne8 66. Nf1 Nef6 67. Ke1 Ka7 68. Nd2 Nb8 69. Nb3 Ka6 70. Kf1 Nbd7 71. Ke1 Nf8 72. Kf1 Ne6 73. Nd2 Ng7 74. Ndb1 Nf5 75.
Kg1 h4 76. g4 Nh6 77. Na3 Nhxg4 78. hxg4 Nxg4 79. Nd1 Nh6 80. Nb1 g4 81. Nd2 Nf5 82.
Nf1 g3 83. Nc3 Kb7 84. Nd1 Kc7 85. Nc3 Kd7 86. Nb1 Kc7 87. Nbd2 Kb7 88. Nb1 Ka6 89.
Na3 Kb7 90. Nc2 Kc7 91. Na3 Kb7 92. Nc2 Ka6 93. Na1 Ka7 94. Nb3 Ka6 95. Nc1 Kb7 96. Na2 Kc7 97. Nc3 Kd7 98. Na2 Ke6 99. Nc1 Kf6 100. Nb3 Kg5 101. Nxa5 Kg4 102. Nxc6 g2 103. Nh2+ Kh3 104. Ne5 Ng3 105. fxg3 Kxg3 106. Neg4 h3 107. Nf2 Kh4 108. c6 1-0

[Event "GrandPrix_29.05"]
[Site "Chess.com"]
[Date "2020.05.29"]
[Round "7"]
[White "ValeriyGrinev"]
[Black "Kildepiotr"]
[Result "1-0"]
[WhiteElo "2103"]
[BlackElo "2129"]
[TimeControl "600+2"]
[EndTime "12:35:14 PDT"]
[Termination "ValeriyGrinev won by resignation"]

1. c4 g6 2. Nc3 Bg7 3. e4 d6 4. d4 Nd7 5. Be2 e5 6. Nf3 Ngf6 7. O-O O-O 8. Qc2 exd4 9. Nxd4 Re8 10. Bg5 Nc5 11. f3 c6 12. Rad1 a5 13. Kh1 Qb6 14. Qd2 Nfd7 15. Be3 a4 16. Rfe1 Qb4 17. Rb1 Ne5 18.
Nc2 Qa5 19. Qxd6 Bf8 20. Qd4 f6 21. Bg1 Be6 22. Na3 Rad8 23. Qe3 Ncd3 24. Qb6 Qxb6 25. Bxb6 Nxe1 26. Bxd8 Rxd8 27. Rxe1 Rd2 28. Nxa4 Bxa3 29. bxa3 Rxa2 30. Nc5 Bxc4 31. Bxc4+ Nxc4 32. Nxb7 Nxa3 33. Kg1 Rb2 34. Nc5 Rc2 35. Nd7 Kf7 36. Ra1 Nb5 37.
Ra5 Ke6 38. Nf8+ Ke5 39. Nd7+ Ke6 40. Nf8+ Ke7 41. Nxh7 Kf7 42. e5 fxe5 43. Ng5+ Kf6 44. Ne4+ Kf5 45. Ra8 Kf4 46. h4 Nd4 47. Rg8 c5 48.
Rxg6 c4 49. Rg8 c3 50. Rc8 Ne2+ 51. Kh2 Ke3 52. h5 Nf4 53. Rxc3+ Rxc3 54. Nxc3 Nxh5 55. Nd5+ Kd4 56. g4 Ng7 57. Nf6 Ne6 58. Kg3 Ke3 59. Nd5+ Kd4 60. Ne7 e4 61. f4 e3 62. Nf5+ Kd3 63.
Nh4 e2 64. Ng2 Kd2 65. f5 Nc5 66. g5 Ne4+ 67. Kf4 Nc3 68. f6 Nd5+ 69. Kf3 Ne3 70. f7 Nxg2 71. Kxg2 e1=Q 72. f8=Q Qe6 73. Kg3 Kd3 74.
Qf6 Qe1+ 75. Qf2 Qe5+ 76. Qf4 Qe1+ 77. Kg4 Qe8 78. Qf5+ Kd4 79. g6 Qe2+ 80. Kg5 Qe7+ 81. Qf6+ 1-0

[Event "GrandPrix_29.05"]
[Site "Chess.com"]
[Date "2020.05.29"]
[Round "7"]
[White "AvitalBor"]
[Black "Kezin_Roman"]
[Result "1-0"]
[WhiteElo "2686"]
[BlackElo "2625"]
[TimeControl "600+2"]
[EndTime "12:35:51 PDT"]
[Termination "AvitalBor won by resignation"]

1. e4 c5 2. c3 d5 3. exd5 Nf6 4. c4 e6 5. dxe6 Bxe6 6. Nf3 Nc6 7. Be2 g6 8. d3 Bg7 9. O-O O-O 10. Nc3 b6 11.
Re1 Qd7 12. Bf4 Nh5 13. Bd2 h6 14. Qc1 Kh7 15. Ne4 Rae8 16. Bc3 f5 17. Ng3 Nf6 18. Bf1 g5 19. h4 f4 20. Bxf6 fxg3 21. hxg5 gxf2+ 22. Kxf2 Bxf6 23. gxf6 Rxf6 24. Kg1 Rxf3 25.
gxf3 Rg8+ 26. Kf2 Qd6 27. f4 Nd4 28. Qe3 Rg4 29. Bg2 Rxf4+ 30. Kg1 Rg4 31. Rf1 Rg3 32.
Qe4+ Kg7 33. Rae1 Bh3 34. Qe7+ Qxe7 35. Rxe7+ Kg6 36. Rf2 Nf5 37. Re6+ Kg5 38. Kh2 Bg4 39. Re5 Rxd3 40. Be4 Re3 41. Rexf5+ Bxf5 42. Bxf5 h5 43. Bh3 h4 44. b3 Rd3 45. Bf1 Rd1 46. Bg2 Ra1 47. Rd2 a5 48. Rf2 a4 49. bxa4 Rc1 50.
Bd5 Rb1 51. Be6 Rb4 52. Kh3 Rxa4 53. Rg2+ Kf6 54. Bd5 Ke5 55. Rb2 Kd4 56. Kxh4 b5 57. Rxb5 Rxa2 58. Rb1 Rf2 59. Rd1+ Kc3 60. Kg3 Rf8 61.
Re1 Rf6 62. Re4 Kd3 63. Rf4 Rb6 64. Rf3+ Kd4 65. Kf2 Rb2+ 66. Ke1 Rb1+ 67. Kd2 Rb2+ 68. Kc1 Rh2 69. Rg3 Rf2 70. Rg2 Rf1+ 71. Kd2 Rf4 72.
Kc2 Rh4 73. Rd2+ Ke5 74. Kb3 Rh8 75. Re2+ Kd4 76. Re4+ Kd3 77. Rg4 Rb8+ 78. Ka4 Rb4+ 79. Ka5 Kc3 80. Rg6 Rb1 81. Rb6 Rg1 82. Kb5 Kd4 83. Rh6 Rg4 84. Rh1 Rg3 85. Rh4+ Ke5 86. Kxc5 1-0

[Event "GrandPrix_29.05"]
[Site "Chess.com"]
[Date "2020.05.29"]
[Round "7"]
[White "Misterlose0"]
[Black "ulkaf961"]
[Result "1/2-1/2"]
[WhiteElo "1652"]
[BlackElo "2075"]
[TimeControl "600+2"]
[EndTime "12:36:21 PDT"]
[Termination "Game drawn by 50-move rule"]

1. d4 d5 2. c4 c6 3. cxd5 cxd5 4. Bf4 Nc6 5. e3 Bf5 6. Nc3 Nf6 7. Qb3 Na5 8. Qa4+ Bd7 9. Qc2 Rc8 10. Nf3 e6 11. Bd3 Bb4 12. O-O Nc4 13. Rac1 Qa5 14. Ne5 Bxc3 15. bxc3 Bb5 16. Qe2 a6 17. Ng4 Ne4 18. f3 Nxc3 19. Qe1 Nb2 20. Bxb5+ axb5 21. Bd6 Nd3 22. Qh4 Qd8 23. Qxd8+ Kxd8 24. Rc2 Kd7 25.
Bg3 h5 26. Ne5+ Nxe5 27. Bxe5 f6 28. Bg3 Rc4 29. Rb2 Kc6 30. Ra1 Ra8 31. Kf1 Ra3 32.
Be1 Ra6 33. Rc1 Na4 34. Rbc2 Kd7 35. Ke2 Rac6 36. Rxc4 bxc4 37. Bb4 Rb6 38. a3 Kc6 39. g4 hxg4 40. fxg4 Ra6 41. h4 Ra8 42. h5 Nb2 43.
Rg1 Nd3 44. g5 Rh8 45. h6 gxh6 46. gxf6 Nxb4 47. axb4 Rf8 48. Rg6 Rf7 49. Kd2 h5 50.
Rh6 Kb5 51. Kc3 Ka4 52. Rg6 h4 53. Rh6 h3 54. Rxh3 Rxf6 55. Rh7 b6 56. Re7 Kb5 57.
Re8 Kc6 58. Rc8+ Kd7 59. Rb8 Kc7 60. Re8 Kd7 61. Rb8 Rf3 62. Kd2 Rf2+ 63. Ke1 Rb2 64. Rxb6 c3 65. Kd1 Rf2 66. b5 Rb2 67. Rc6 Rxb5 68. Rxc3 Kd6 69. Kd2 e5 70. dxe5+ Kxe5 71. Kd3 Rb1 72. Rc8 Rd1+ 73. Ke2 Rh1 74. Re8+ Kd6 75.
Kd3 Rd1+ 76. Ke2 Ra1 77. Rh8 Ra2+ 78. Kf3 Ra3 79. Kf4 Ra4+ 80. Kf3 Ke5 81. Rh5+ Ke6 82. Rg5 Kd6 83. Rg8 Ke5 84. Re8+ Kd6 85. Kg3 Rb4 86. Kf2 Rb2+ 87. Kf3 Rb4 88. Rg8 Ra4 89. Rg1 Ke5 90. Rb1 Rc4 91. Rb8 Ra4 92. Rb3 Rc4 93. Ra3 Rb4 94. Rd3 Ra4 95. Rd1 Rb4 96. Rg1 Ra4 97. Rg5+ Kd6 98. Rh5 Ke6 99. Rh8 Ke5 100.
Rg8 Rb4 101. Ra8 Rc4 102. Rb8 Ra4 103. Rc8 Rb4 104. Ra8 Rc4 105. Ke2 Rb4 106. Kd3 Rh4 107. Re8+ Kd6 108. Rf8 Ra4 109. Rb8 Rh4 110. Ra8 Rb4 111. Ra3 Rh4 112. Ra1 Ke5 113. Rg1 Ra4 114. Rg5+ Kd6 115. Ke2 Rb4 116. Rh5 Ra4 117. Kd3 Rb4 118. Kc3 Rg4 119. Rh1 Re4 120. Rh3 Ra4 1/2-1/2

[Event "GrandPrix_29.05"]
[Site "Chess.com"]
[Date "2020.05.29"]
[Round "7"]
[White "Shota_Azaladze"]
[Black "Yaroslav_Remizov"]
[Result "0-1"]
[WhiteElo "2179"]
[BlackElo "2201"]
[TimeControl "600+2"]
[EndTime "12:36:44 PDT"]
[Termination "Yaroslav_Remizov won by resignation"]

1. Nf3 d5 2. g3 Nf6 3. Bg2 Bg4 4. O-O Nbd7 5. d3 e5 6. Nbd2 Be7 7. e4 dxe4 8. dxe4 O-O 9. h3 Bh5 10. Qe1 h6 11. Nc4 Bxf3 12. Bxf3 c6 13. a4 Qc7 14.
Qc3 Bc5 15. Qe1 b5 16. Na5 Rfc8 17. Nb3 Bf8 18. Be3 a6 19. Qe2 c5 20. c4 bxc4 21. Nd2 Rab8 22. Nxc4 Qc6 23. Rfd1 Qe6 24. Bg2 Rb4 25.
Rdc1 Nb6 26. Nxb6 Qxb6 27. a5 Qb7 28. Rc2 Rb8 29. Ra2 Nxe4 30. Bd2 Qd5 31. Bxb4 Qxa2 32.
Be1 Nd6 33. Qxa6 Rxb2 34. Rxb2 Qxb2 35. Kf1 c4 36. Qb6 Qa1 37. Qc7 e4 38. Qc6 f5 39. a6 c3 40. h4 c2 41. Qxc2 Qxa6+ 42. Kg1 Qa1 43. Kf1 Kh7 44. h5 Nb5 45. Qc8 Qf6 46. g4 Nd6 47. Qd7 f4 48. f3 e3 49.
Qc6 Qb2 50. Qa6 Qc2 51. Bh3 Nc4 52. g5 hxg5 53. Qe6 Nd2+ 54. Kg2 Ne4+ 55. Kg1 Nd6 56. Bf1 Qb1 57. Bc3 Nf5 58. Qg6+ Kh8 59. h6 e2 60.
hxg7+ Bxg7 61. Bxg7+ Kg8 62. Bc3+ Kf8 63. Qf6+ Ke8 64.
Qe6+ Kf8 65. Qxe2 Ng3 66. Qf2 Nxf1 67. Qxf1 Qc2 68. Qc4 Qd1+ 69. Kg2 Qc2+ 70. Kh3 Qh7+ 71. Kg2 Qc2+ 72. Kf1 Qb1+ 73. Be1 Qf5 74. Bb4+ Kg7 75. Bc3+ Kf8 76. Qe2 Qh3+ 77. Ke1 Qh1+ 78. Kd2 Qb1 79. Qe5 Qa2+ 80. Kd3 Qb1+ 81. Kd4 Qd1+ 82. Kc5 Qxf3 83. Qf6+ Ke8 84. Qe6+ Kf8 85. Qf5+ Ke8 86. Qg6+ Ke7 87. Bf6+ Ke6 88. Bxg5+ Ke5 89. Bf6+ Ke6 90. Bd4+ Ke7 91. Qg7+ Ke8 92. Kd6 Qa3+ 93. Ke6 Qa2+ 94. Ke5 Qf7 95. Qh8+ Kd7 96. Qa8 Qg7+ 97. Ke4 Qg2+ 98. Kxf4 Qxa8 99. Ke5 Qa6 0-1

[Event "GrandPrix_29.05"]
[Site "Chess.com"]
[Date "2020.05.29"]
[Round "7"]
[White "Funo09"]
[Black "kirillshevchenko"]
[Result "1/2-1/2"]
[WhiteElo "2648"]
[BlackElo "2727"]
[TimeControl "600+2"]
[EndTime "12:36:45 PDT"]
[Termination "Game drawn - insufficient material"]

1. e4 c5 2. Nc3 d6 3. f4 g6 4.
Nf3 Bg7 5. d4 cxd4 6. Nxd4 Nc6 7.
Be3 Nf6 8. Be2 O-O 9. Nb3 a5 10. a4 e5 11. O-O exf4 12. Bxf4 Re8 13. Qxd6 Qxd6 14. Bxd6 Nxe4 15. Nxe4 Rxe4 16. Bf3 Re8 17. c3 Ne5 18. Bxe5 Rxe5 19. Rad1 Be6 20. Nd4 Bc4 21. Bxb7 Rae8 22. Bc6 R8e7 23. Nf3 Rc5 24. Rd8+ Bf8 25. Bb5 Bxb5 26. axb5 Rxb5 27. b4 axb4 28. Nd4 Rb6 29. cxb4 Kg7 30. b5 Reb7 31. Kh1 Bc5 32. Rd5 Bxd4 33.
Rxd4 Rxb5 34. Rd2 f5 35. h3 Rb4 36. Kh2 h5 37. Rf3 h4 38. Rdf2 Re7 39. Rf4 Ree4 40. Rxe4 Rxe4 41. Ra2 Kf6 42. Kg1 g5 43. Kf2 Ke5 44.
Kg1 Rd4 45. Re2+ Re4 46. Ra2 Re3 47. Kf2 Kf4 48. Ra5 Re4 49. Ra3 g4 50. hxg4 fxg4 51.
Ra8 Re5 52. Rh8 g3+ 53. Kf1 Ke3 54. Rh7 Re6 55. Rh8 Re4 56. Rh7 Rf4+ 57. Ke1 Rb4 58.
Re7+ Kf4 59. Rf7+ Kg5 60. Rg7+ Kh6 61. Rg8 Rf4 62. Rh8+ Kg7 63. Rh5 Kg6 64. Rh8 Kg5 65. Rg8+ Kh6 66. Rh8+ Kg6 67. Rg8+ Kf7 68. Rh8 Ra4 69.
Kf1 Re4 70. Rh5 Kg6 71. Rh8 Kf5 72. Rf8+ Kg4 73. Rg8+ Kf4 74. Rh8 Ke3 75. Rh7 Rd4 76. Re7+ Kd2 77. Rf7 Kd3 78. Rh7 Re4 79. Rh8 Rf4+ 80.
Ke1 Rc4 81. Rd8+ Ke4 82. Rh8 Rc1+ 83. Ke2 Rc2+ 84. Kf1 Rc1+ 85. Ke2 Rc2+ 86. Kf1 Kd3 87. Rd8+ Ke3 88. Re8+ Kf4 89. Rf8+ Kg5 90. Rg8+ Kf6 91.
Rh8 Rc1+ 92. Ke2 Rh1 93. Kf3 Rh2 94. Kg4 Rxg2 95. Rxh4 Rg1 96. Kf3 g2 97. Rg4 Kf5 98. Rxg2 Rxg2 99. Kxg2 1/2-1/2

[Event "GrandPrix_29.05"]
[Site "Chess.com"]
[Date "2020.05.29"]
[Round "7"]
[White "chessdjw"]
[Black "tacticthunder"]
[Result "1/2-1/2"]
[WhiteElo "2125"]
[BlackElo "2182"]
[TimeControl "600+2"]
[EndTime "12:38:04 PDT"]
[Termination "Game drawn by 50-move rule"]

1. e4 c5 2. Nf3 e6 3. d4 cxd4 4. Nxd4 Nc6 5. Nc3 Qc7 6. a3 a6 7. f4 b5 8. Nxc6 Qxc6 9. Be2 Bc5 10. Bf3 Bb7 11. e5 Qb6 12. Ne4 Bxe4 13. Bxe4 Rd8 14.
Qg4 g6 15. Qf3 d5 16. exd6 Qxd6 17. Bd3 Nf6 18. Bd2 O-O 19. O-O-O Qd5 20. Qxd5 exd5 21. Rhe1 Rfe8 22. Rxe8+ Rxe8 23. Re1 Ne4 24. g3 f5 25. Bc3 Kf7 26. Be5 h5 27. c3 Ke6 28.
Bc2 Bd6 29. Bd4 h4 30. Bb3 g5 31. fxg5 hxg3 32. hxg3 Bxg3 33. Rd1 Bf4+ 34. Kc2 Bxg5 35.
Bb6 Nf6 36. a4 Bf4 37. axb5 axb5 38. Ra1 Rh8 39. Ra5 Ne4 40. Rxb5 Rh2+ 41. Kb1 Nd2+ 42. Ka2 Nxb3 43. Kxb3 Bc1 44. Ka2 f4 45. Bc7 f3 46.
Rb6+ Kf5 47. Bxh2 f2 48. Rb8 Bg5 49. Rf8+ Bf6 50. Bc7 f1=Q 51. Bd8 Qa6+ 52. Kb1 Qd3+ 53. Ka1 Qf1+ 54. Ka2 Qc4+ 55. Ka1 Qa4+ 56. Kb1 Ke4 57. Bxf6 Qd1+ 58. Ka2 Qa4+ 59. Kb1 Kd3 60. Bd4 Qc2+ 61. Ka2 Qe2 62. Ra8 Kc2 63. Ra7 Qc4+ 64. Ka1 Qf1+ 65. Ka2 Qb1+ 66. Ka3 Qxb2+ 67. Ka4 Kd3 68. Ra5 Kc4 69.
Rc5+ Kd3 70. Ra5 Qb7 71. Rb5 Qa6+ 72. Kb4 Qd6+ 73. Kb3 Qc6 74. Rc5 Qb7+ 75. Ka4 Kc2 76. Rb5 Qa6+ 77. Kb4 Qd6+ 78. Ka5 Kd3 79. Rb6 Qd7 80. Kb4 Qc7 81. Rb5 Qc6 82. Rc5 Qa6 83. Rb5 Qd6+ 84. Ka5 Qc7+ 85. Kb4 Qc4+ 86. Ka5 Qa2+ 87.
Kb6 Qc4 88. Rc5 Qb3+ 89. Kc6 Ke4 90. Rb5 Qc4+ 91. Kb6 Qc8 92. Rc5 Qb8+ 93. Ka5 Qa8+ 94. Kb4 Qa6 95. Rb5 Qd6+ 96. Ka5 Qc6 97. Rc5 Qb7 98.
Rb5 Qc7+ 99. Kb4 Qc6 100. Rc5 Qa6 101. Ra5 Qc8 102. Rb5 Qc4+ 103. Ka5 Kf5 104. Rc5 Qb3 105. Rb5 Qa3+ 106. Kb6 Ke6 107. Rc5 Kd6 108. Rc6+ Kd7 109. Rc7+ Kd8 110. Bf6+ Ke8 111. Bd4 Kd8 112. Bf6+ Ke8 113. Bd4 Qd6+ 114. Rc6 Qa3 115. Rc8+ Kd7 116. Rc7+ Ke6 1/2-1/2

[Event "GrandPrix_29.05"]
[Site "Chess.com"]
[Date "2020.05.29"]
[Round "8"]
[White "Sporty207"]
[Black "MasterSonnevanck2"]
[Result "1/2-1/2"]
[WhiteElo "2215"]
[BlackElo "2095"]
[TimeControl "600+2"]
[EndTime "12:44:47 PDT"]
[Termination "Game drawn by agreement"]

1. d4 Nf6 2. c4 e6 3. Nc3 Bb4 4. e3 O-O 5. Bd2 c5 6. a3 Bxc3 7. Bxc3 Ne4 8. Ne2 b6 9. d5 Bb7 10. f3 Nxc3 11. Nxc3 d6 12. Bd3 1/2-1/2

[Event "GrandPrix_29.05"]
[Site "Chess.com"]
[Date "2020.05.29"]
[Round "8"]
[White "titan013"]
[Black "Shota_Azaladze"]
[Result "1-0"]
[WhiteElo "2205"]
[BlackElo "2124"]
[TimeControl "600+2"]
[EndTime "12:46:30 PDT"]
[Termination "titan013 won by resignation"]

1. e4 g6 2. d4 Bg7 3. Nf3 c6 4. Nc3 d5 5. h3 Nf6 6. Bd3 Nxe4 7. Nxe4 dxe4 8. Bxe4 Nd7 9. O-O O-O 10. Re1 Qc7 11.
c3 c5 12. Bg5 e6 13. Qd2 Re8 14. Rad1 a6 15. Bf4 Qb6 16. Ne5 cxd4 17. cxd4 Nf6 18.
Bf3 Nd5 19. Nc4 Qd8 20. Bxd5 exd5 21. Rxe8+ Qxe8 22. Nb6 Ra7 23. Bb8 Ra8 24. Nxa8 Bf5 25. Qf4 1-0

[Event "GrandPrix_29.05"]
[Site "Chess.com"]
[Date "2020.05.29"]
[Round "8"]
[White "Lavrov_Maxim"]
[Black "Azatic"]
[Result "1/2-1/2"]
[WhiteElo "2303"]
[BlackElo "2426"]
[TimeControl "600+2"]
[EndTime "12:46:32 PDT"]
[Termination "Game drawn by agreement"]

1. e4 c5 2. c3 d5 3. exd5 Qxd5 4. d4 Nf6 5. Nf3 e6 6. Be2 Nc6 7. O-O cxd4 8. cxd4 Be7 9. Nc3 Qd6 10. Be3 O-O 11.
a3 b6 12. Nb5 Qd8 13. Ne5 Nxe5 14. dxe5 Nd5 15. Bd4 Bb7 16. Bf3 a6 17. Nc3 Nxc3 18.
Bxc3 Qxd1 19. Bxd1 1/2-1/2

[Event "GrandPrix_29.05"]
[Site "Chess.com"]
[Date "2020.05.29"]
[Round "8"]
[White "ly4o"]
[Black "PeshkaTheGreat"]
[Result "1-0"]
[WhiteElo "2021"]
[BlackElo "2111"]
[TimeControl "600+2"]
[EndTime "12:46:45 PDT"]
[Termination "ly4o won by resignation"]

1. d4 d5 2. c4 c6 3. Nf3 Nf6 4.
e3 e6 5. Nc3 Nbd7 6. Qb3 Bd6 7.
Bd3 dxc4 8. Bxc4 b5 9. Bd3 O-O 10. O-O Bb7 11. Rd1 Qc7 12. h3 a6 13. e4 e5 14. dxe5 Nxe5 15. Nxe5 Bxe5 16. Be3 c5 17. Qc2 c4 18. Be2 Bxc3 19. Qxc3 Nxe4 20. Qc2 Rfe8 21. Bf3 Nf6 22. Bxb7 Qxb7 23. Rd6 Rad8 24. Rad1 Rxd6 25. Rxd6 Nd5 26. Qe4 Qe7 27. Qxd5 Qh4 28. Rd7 Qf6 29. Rd6 Qh4 30. Rxa6 Rd8 31. Ra8 1-0